 Dungeon Crawl Stone Soup version 0.28-a0-313-gbc0475efdd (webtiles) character file.

Game seed: 6043227033756133635

105709 Dirtsage the Martial Artist (level 16, -22/109 (114) HPs)
             Began as an Octopode Transmuter on Aug 30, 2021.
             Was an Elder of Ru.
             Annihilated by a cyclops (30 damage)
             ... on level 14 of the Dungeon on Aug 31, 2021.
             The game lasted 02:22:24 (26495 turns).

Dirtsage the Martial Artist (Octopode Transmuter)  Turns: 26495, Time: 02:22:25

HP:   -22/109 (114) AC: 13    Str: 17    XL:     16   Next: 42%
MP:   26/26         EV: 18    Int: 20    God:    Ru [****..]
Gold: 2041          SH:  0    Dex: 15    Spells: 3/29 levels left

rFire   + + .      SeeInvis .     - Unarmed
rCold   x . .      Faith    +   (shield currently unavailable)
rNeg    . . .      Spirit   .   (helmet restricted)
rPois   +          Reflect  .   g - amulet of Caolliy {Faith Str+3 Dex-5 Slay+6 Stlth+}
rElec   .          Harm     .   E - +4 ring of evasion
rCorr   .          Rampage  .   T - +4 ring of protection
Will    +....                   t - +4 ring of protection
Stlth   ++++......              P - ring of poison resistance
HPRegen 0.28/turn               d - +6 ring of dexterity
MPRegen 0.20/turn               Y - +4 ring of protection
                                I - ring "Jyfosh" {rF+ Int+6 Stlth+}
                                F - ring of fire

@: exhausted, blade tentacles (expiring), wereblooded, on berserk cooldown, very
slightly contaminated, hasted, lightly drained, very quick
A: almost no armour, amphibious, 8 rings, camouflage 1, dopey 1, screaming 1,
gelatinous body 1, hated by all, unskilled 1, (nimble swimmer 1), tentacles
a: End Transformation, Renounce Religion, Draw Out Power, Power Leap


You were on level 14 of the Dungeon.
You worshipped Ru.
Ru was greatly pleased with you.
You had blades for main tentacles.
You visited 3 branches of the dungeon, and saw 21 of its levels.
You also visited: Ice Cave.

You collected 2041 gold pieces.


Innate Abilities, Weirdness & Mutations

You have blades for main tentacles.
Your spellcasting is less reliable in this form.
You are incapable of wielding weapons or throwing items.
You cannot wear most types of armour.
You are amphibious.
You can wear up to eight rings at the same time.
Your skin changes colour to match your surroundings (Stealth+).
You are dopey. (Int -2)
You occasionally shout uncontrollably at your foes.
Your rubbery body absorbs attacks. (AC +1, EV +1)
You are hated by all.
You are somewhat unskilled. (-1 Apt)
((You are camouflaged near water. (Stealth+)))
You have tentacles for arms and can constrict up to eight enemies at once.


   Skills:
 + Level 12.2 Fighting
 + Level 3.1 Dodging
 + Level 6.1 Shields
 + Level 13.3 Unarmed Combat
 - Level 7.0 Spellcasting
 - Level 5.0 Conjurations
 * Level 13.2 Transmutations
 - Level 7.4 Ice Magic
 - Level 5.0 Air Magic
 - Level 4.5 Poison Magic


You had 3 spell levels left.
You knew the following spells:

 Your Spells              Type           Power      Damage    Failure   Level
b - Beastly Appendage     Tmut           100%       N/A       5%          1
c - Ice Form              Ice/Tmut       48%        N/A       17%         4
d - Dragon Form           Tmut           28%        N/A       77%         7
h - Blade Hands           Tmut           28%        N/A       16%         5
m - Mephitic Cloud        Conj/Pois/Air  26%        N/A       28%         3
s - Spider Form           Tmut/Pois      21%        N/A       13%         3
w - Wereblood             Tmut           56%        N/A       6%          2
z - Sting                 Tmut/Pois      100%       1d8       10%         1

Your spell library contained the following spells:

 Spells                   Type           Power      Damage    Failure   Level
 Magic Dart               Conj           100%       1d8       17%         1
 Ozocubu's Armour         Ice            36%        N/A       17%         3
 Foxfire                  Conj/Fire      100%       2x1d9     26%         1
 Ensorcelled Hibernation  Hex/Ice        42%        N/A       26%         2
 Corpse Rot               Necr/Air       N/A        N/A       32%         2
 Corona                   Hex            7%         N/A       45%         1
 Conjure Flame            Conj/Fire      25%        6-21      45%         3
 Dazzling Flash           Conj/Hex       34%        N/A       45%         3
 Gell's Gravitas          Tloc           3%         N/A       71%         3
 Inner Flame              Hex/Fire       10%        N/A       71%         3
 Teleport Other           Tloc           7%         N/A       71%         3
 Irradiate                Conj/Tmut      21%        3d21      36%         5
 Airstrike                Air            13%        N/A       50%         4
 Yara's Violent Unravell  Hex/Tmut       16%        3d8       58%         5
 Iskenderun's Battlesphe  Conj           27%        2d8       75%         5
 Lightning Bolt           Conj/Air       13%        1d27      75%         5
 Eringya's Noxious Bog    Tmut/Pois      21%        N/A       78%         6
 Passage of Golubria      Tloc           N/A        N/A       95%         4
 Fireball                 Conj/Fire      12%        3d7       95%         5
 Silence                  Hex/Air        8%         N/A       95%         5
 Agony                    Necr           7%         N/A       99%         5
 Dispersal                Tloc           3%         N/A       100%        6
 Iron Shot                Conj/Erth      8%         9d3       100%        6
 Ozocubu's Refrigeration  Ice            18%        4d8       100%        7
 Necromutation            Tmut/Necr      16%        N/A       100%        8
 Call Imp                 Summ           Unusable   N/A       N/A         2
 Tukima's Dance           Hex            Unusable   N/A       N/A         3
 Summon Lightning Spire   Summ/Air       Unusable   N/A       N/A         4
 Summon Cactus Giant      Summ           Unusable   N/A       N/A         5
 Summon Forest            Summ/Tloc      Unusable   N/A       N/A         5
 Spellforged Servitor     Conj/Summ      Unusable   N/A       N/A         7
 Summon Hydra             Summ           Unusable   N/A       N/A         7

Inventory:

Missiles
 j - 16 boomerangs
 q - 2 throwing nets {=f}
Armour
 W - a +2 kite shield of cold resistance
Magical Staves
 u - a staff of air {!a}
 y - a staff of death {!a}
 O - a staff of cold {!a}
 U - a staff of fire {!a}
 X - a staff of conjuration {!a}
Jewellery
 d - a +6 ring of dexterity (on tentacle)
 g - the amulet of Caolliy (around mantle) {Faith Str+3 Dex-5 Slay+6 Stlth+}
   (You found it on level 3 of the Dungeon)

   [amulet of faith]

   It allows you to gain divine favour quickly.
   Str:       It affects your strength (+3).
   Dex:       It affects your dexterity (-5).
   Slay:      It affects your accuracy & damage with ranged weapons and melee
   (+6).
   Stlth:     It makes you more stealthy.
 m - an amulet of the acrobat
 t - a +4 ring of protection (on tentacle)
 x - an amulet of regeneration
 E - a +4 ring of evasion (left blade tentacle)
 F - a ring of fire (on tentacle)
 I - the ring "Jyfosh" (on tentacle) {rF+ Int+6 Stlth+}
   (You found it on level 9 of the Dungeon)

   [ring of intelligence]

   Int:       It affects your intelligence (+6).
   rF:        It protects you from fire.
   Stlth:     It makes you more stealthy.
 P - a ring of poison resistance (on tentacle)
 Q - the amulet of Esoeceh {RegenMP *Slow rF+ Int+3 Stlth+}
   (You found it in an ice cave)

   [amulet of magic regeneration]

   It increases your rate of magic regeneration.
   Int:       It affects your intelligence (+3).
   rF:        It protects you from fire.
   *Slow:     It may slow you when you take damage.
   Stlth:     It makes you more stealthy.
 T - a +4 ring of protection (right blade tentacle)
 Y - a +4 ring of protection (on tentacle)
Wands
 a - a wand of flame (71)
 e - a wand of iceblast (27)
 i - a wand of digging (12)
 p - a wand of paralysis (17)
 C - a wand of acid (20)
 R - a wand of mindburst (11)
 S - a wand of polymorph (16)
Scrolls
 b - 7 scrolls of teleportation {@r2}
 c - a scroll of enchant armour
 A - 2 scrolls of fear
 B - 5 scrolls of immolation
 D - a scroll of identify {@r1}
 G - 6 scrolls of fog
 H - 4 scrolls of amnesia
 L - 2 scrolls of magic mapping
 N - 3 scrolls of blinking
 V - a scroll of silence {!r}
 Z - a scroll of acquirement
Potions
 f - 3 potions of mutation
 h - 2 potions of lignification
 k - 2 potions of haste {@q3}
 l - 3 potions of flight
 n - 3 potions of might
 o - 2 potions of berserk rage {!q}
 r - 2 potions of attraction
 s - 5 potions of heal wounds {@q2}
 v - a potion of invisibility
 w - 8 potions of brilliance
 z - 7 potions of curing {@q1}
 J - 2 potions of resistance
 K - 2 potions of cancellation

Dungeon Overview and Level Annotations

Branches:
Dungeon (14/15)            Temple (1/1) D:6            Lair (6/6) D:11
  Swamp (0/4) Lair:3        Snake (0/4) Lair:2        Slime (0/5) Lair:5
    Orc (0/2) D:12         Vaults (0/5) D:13          IceCv (visited)

Altars:
Ashenzari
Cheibriados
Dithmenos
Elyvilon
Fedhas
Gozag
Hepliaklqana
Kikubaaqudgha
Makhleb
Nemelex Xobeh
Okawaru
Qazlal
Ru
Trog
Uskayaw
Vehumet
Wu Jian
Xom
Zin
The Shining One
Jiyva

Shops:
D:4 (   D:14 (

Portals:
Trove: D:12 (give 17 scrolls of teleportation)

Annotations:
D:10 2 transporters, graki42's ghost, journeyman OpFE
D:14 1 transporter
Lair:5 exclusion: 4 oklob plants

#...#▓
▓y▓☼▓▓▒▒▒▓▓☼▓y▓ #.#
#...#
▓#▓#▓▓▒▒▒▓▓#▓#▓ #.#
#...#▓
▓▓▓.............▓
#.# .....▓
▓T...............
#.# ....#▓
▓.▓..⌠..)(?..⌠..▓.▓
▓###.# .....▓
▓p#..e.$TpTC....#O▓
▓....# .....▓
▓e▓...$)yy{y$...▓p▓
▓##### ..##.▓
▓y#..▓#▓▒C▒▓#▓..#y
.....▓
▓▓▓..#y▓▓@▓▓y#..▓▓▓
.....▓
▓☼#..▓#▓▒▓▒▓#▓..#§▓
.###.▓
▓▓▓....▓.!.▓....▓
.....▓
▓▓...'.÷.'...▓
.#.##▓
▓▓..'.©.'..▓▓
.....▓ ▓▓.▓▒▒▒▓#▓▓
##.##▓ ▓.▓▒▒▒▓y▓
##.##▓ ▓▒▓.©.▓▒▓
.....▓ ▓.......▓


You could see an ettin (berserk), 4 moths of wrath, a cyclops (berserk), a deep
troll earth mage, a wizard, a deep elf zephyrmancer and a troll (berserk).


Message History

You howl as the wereblood boils in your veins!
Something hits you but does no damage.
The moth of wrath goads the troll on!
The troll goes berserk!
You shred the troll!!!
You feel a bit better.
You kill the troll!
You howl as the wereblood boils in your veins!
The moth of wrath goads the ettin on!
The ettin goes berserk!
Something hits you!
* * * LOW HITPOINT WARNING * * *
You focus your inner power and blind something in retribution!
Okay, then.
Use which ability? (? or * to list)
Okay, then.
Use which ability? (? or * to list)
You are restored by drawing out deep reserves of power within.
You feel drained. The moth of wrath closely misses you.
You shred the moth of wrath!!!
You feel a bit better.
You kill the moth of wrath!
You howl as the wereblood boils in your veins!
The deep troll earth mage points at you and mumbles some strange words.
The metal wall shatters!
The blast of metal fragments hits you!!
* * * LOW HITPOINT WARNING * * *
Unknown command.
You slash the cyclops! You slash the cyclops!!
The cyclops is moderately wounded.
Something closely misses you.
You shred the cyclops!!! Your squeeze misses the cyclops.
The cyclops is almost dead.
The cyclops hits you!!
You die...

Skill      XL: |  1  2  3  4  5  6  7  8  9 10 11 12 13 14 15 16 |
---------------+-------------------------------------------------+-----
Poison Magic   | 1 2 4 5 4 |  4.5
Transmutations | 3 4 5 7 8 9 10 11 10 11 12 13 | 13.2
Ice Magic      | 3 4 5 7 8 7 |  7.4
Unarmed Combat | 5 6 7 9 11 11 12 13 | 13.3
Fighting       | 3 5 7 10 9 10 11 12 | 12.2
Spellcasting   | 3 5 7 |  7.0
Air Magic      | 4 5 |  5.0
Conjurations   | 4 5 |  5.0
Dodging        | 1 3 |  3.1
Shields        | 1 5 6 |  6.1

Action                   |  1- 3 |  4- 6 |  7- 9 | 10-12 | 13-15 | 16-18 || total
-------------------------+-------+-------+-------+-------+-------+-------++-------
Melee: Unarmed           |    97 |   100 |   216 |   340 |   882 |   159 ||  1794
       Constrict         |    18 |    24 |    34 |     6 |     7 |     6 ||    95
       Tentacles         |    12 |    15 |    28 |     4 |     9 |     9 ||    77
       Kick              |     5 |    12 |    10 |       |       |       ||    27
       Punch             |     1 |     1 |     1 |     1 |     5 |    11 ||    20
Throw: Boomerang         |       |       |     1 |       |       |     1 ||     2
 Cast: Beastly Appendage |     6 |    10 |    13 |     1 |     1 |       ||    31
       Wereblood         |     1 |     5 |     5 |    15 |    34 |     5 ||    65
       Spider Form       |     1 |     1 |    12 |     4 |     1 |     1 ||    20
       Sting             |       |       |     7 |     5 |     4 |     2 ||    18
       Ice Form          |       |       |     3 |    26 |    68 |     6 ||   103
       Mephitic Cloud    |       |       |       |       |     8 |     2 ||    10
       Blade Hands       |       |       |       |       |     4 |     7 ||    11
Invok: Reject Sacrifices |       |       |     1 |       |     2 |       ||     3
       Sacrifice Love    |       |       |       |     1 |       |       ||     1
       Sacrifice Purity  |       |       |       |       |     2 |       ||     2
       Sacrifice Skill   |       |       |       |       |     1 |       ||     1
       Draw Out Power    |       |       |       |       |     3 |     1 ||     4
Evoke: Wand              |       |       |       |     1 |     2 |       ||     3
  Use: Scroll            |       |       |    15 |     8 |    10 |       ||    33
       Potion            |       |       |     1 |     2 |     6 |     4 ||    13
 Stab: Sleeping          |     9 |    10 |     8 |     1 |    10 |     5 ||    43
       Distracted        |       |       |     1 |     1 |     2 |       ||     4
       Paralysed         |       |       |       |     3 |     1 |       ||     4
       Invisible         |       |       |       |       |     6 |     5 ||    11
       Confused          |       |       |       |       |     8 |       ||     8
       Petrified         |       |       |       |       |     1 |       ||     1
Armor: Skin              |     9 |     9 |    41 |   140 |   287 |    62 ||   548
Dodge: Dodged            |    59 |    47 |   160 |   210 |   408 |    87 ||   971

Levels and vault maps discovered:
D:1:      onia_arrival_handbag, layout_rooms,
          shapermc_ecumenical_altar_mp_ritualfount
D:2:      layout_loops_corners, basic_altar, uniq_robin, uniq_sigmund
D:3:      layout_loops_ring, tgw_xom, vehumet_altar_wand_db, amethyst_killhole,
          corexii_item_surrounded_by_moat, kennysheep_nondescript
D:4:      layout_gridville, serial_shops, shop, ebering_ghost_disaster_area,
          roderic_lattice_a, uniq_natasha, uniq_blork_the_orc
D:5:      layout_rooms, kennysheep_generic_room_11
D:6:      kennysheep_six_static_rooms, layout_loops_corners,
          minmay_temple_entry_butterflies, corexii_item_surrounded_by_moat,
          uniq_duvessa
D:7:      layout_cave_pods, kennysheep_generic_room_16
D:8:      layout_gridville, grunt_temple_overflow_growth_and_decay,
          gammafunk_ghost_split, eino_jars
D:9:      minmay_the_grid_triangle_9x9_rhombus_full
          [minmay_the_grid_triangle_9x9_descending_squares,
          minmay_the_grid_triangle_9x9_intruding_spiral,
          minmay_the_grid_triangle_9x9_steps,
          minmay_the_grid_triangle_9x9_minimal,
          minmay_the_grid_triangle_9x9_negative_grid,
          minmay_the_grid_triangle_9x9_empty,
          minmay_the_grid_triangle_9x9_tough_junction,
          minmay_the_grid_triangle_9x9_prize_schism], layout_basic,
          minmay_variable_closet
D:10:     layout_cave_pools, gammafunk_ghost_smash, minmay_st_funbox,
          uniq_erolcha
D:11:     lemuel_ice_spiral_2, layout_basic, dpeg_oklobed_lair,
          nicolae_qazlal_style_of_elements
D:12:     layout_roguey, kennysheep_orc_monster_closet_entryway, enter_trove_3,
          uniq_nergalle, uniq_kirke, uniq_maurice
D:13:     layout_cave_pods, grunt_vaults_entry_fortified,
          statue_in_the_mist_lemuel, serial_park_tiny_1, uniq_josephine
D:14:     emtedronai_trogs_sanctum, layout_loops_cross, serial_shops,
          kennysheep_little_box, lemuel_crystal_altar
Temple:   regret_index_temple_mists
Lair:1:   layout_gridlike, infiniplex_staircase_pool_2
Lair:2:   nzn_winding_woodlands_small [nzn_winding_woodlands_5x15_parted,
          nzn_winding_woodlands_center_triple_pond,
          nzn_winding_woodlands_5x15_longhouse], layout_cave_shapes,
          minmay_snake_entry_spellcaster, grunt_megastairs_3, lemuel_fruit_tree
Lair:3:   layout_roguey, minmay_swamp_entry_swarm, special_room,
          lemuel_old_faithful
Lair:4:   layout_cave_pods, gammafunk_ghost_cemetery,
          chequers_serial_rivers_micro_b, beast_lair_carwin_5
Lair:5:   layout_roguey, slime_altar_1, portal_ice_cave_demonic_guard,
          infiniplex_staircase_pool, minmay_lair_oklob_chamber,
          grunt_megastairs_5
Lair:6:   guppyfry_lair_end_dragon, layout_long_grid, wormcave,
          nzn_sisyphean_effort, lemuel_fruit_fields

Notes
Turn   | Place    | Note
-------+----------+-------------------------------------------
     0 | D:1      | Dirtsage the Octopode Transmuter began the quest for the
                  | Orb.
     0 | D:1      | Reached XP level 1. HP: 13/13 MP: 3/3
   280 | D:1      | Reached skill level 1 in Poison Magic
   445 | D:1      | Reached XP level 2. HP: 18/18 MP: 5/5
   670 | D:1      | Learned a level 2 spell: Wereblood
   750 | D:1      | Found a faded altar of an unknown god.
  1053 | D:1      | Reached skill level 2 in Poison Magic
  1097 | D:2      | Found an opulent altar of Gozag.
  1104 | D:2      | Reached XP level 3. HP: 22/23 MP: 6/6
  1213 | D:2      | Learned a level 3 spell: Spider Form
  1350 | D:2      | Reached skill level 3 in Transmutations
  1368 | D:2      | Noticed Sigmund
  1972 | D:2      | Noticed Robin
  1989 | D:2      | Reached XP level 4. HP: 18/28 MP: 1/7
  1992 | D:2      | Killed Robin
  1993 | D:2      | Reached skill level 3 in Poison Magic
  2475 | D:2      | Killed Sigmund
  2476 | D:2      | Reached skill level 4 in Transmutations
  2476 | D:2      | Reached skill level 4 in Poison Magic
  2476 | D:2      | Reached XP level 5. HP: 32/33 MP: 4/8
  2476 | D:2      | Reached XP level 6. HP: 36/38 MP: 4/9
  2900 | D:3      | Noticed a necrophage
  2968 | D:3      | Reached skill level 1 in Ice Magic
  2974 | D:3      | Found a shimmering altar of Xom.
  2987 | D:3      | Identified the amulet of Caolliy {Faith Str+3 Dex-5 Slay+6
                  | Stlth+}
  3098 | D:3      | Reached skill level 5 in Poison Magic
  3287 | D:3      | Found a radiant altar of Vehumet.
  3365 | D:3      | Reached skill level 5 in Transmutations
  3365 | D:3      | Reached skill level 2 in Ice Magic
  3597 | D:3      | Killed a necrophage
  3598 | D:3      | Reached skill level 3 in Ice Magic
  3598 | D:3      | Reached XP level 7. HP: 37/43 MP: 8/10
  3666 | D:4      | Learned a level 4 spell: Ice Form
  3705 | D:4      | Found a large runed translucent door.
  3706 | D:4      | Found a large runed translucent door.
  3706 | D:4      | Noticed yetifiasco's ghost (novice GrBe)
  3853 | D:4      | Found Qielata's Weapon Emporium.
  3878 | D:4      | Got the Collected Works on Transmigration
  3949 | D:4      | Noticed Natasha
  3956 | D:4      | Killed Natasha
  4327 | D:4      | Noticed Blork the orc
  4337 | D:4      | Killed Blork the orc
  4338 | D:4      | Reached skill level 4 in Ice Magic
  4503 | D:4      | Reached XP level 8. HP: 46/48 MP: 11/11
  4505 | D:4      | Learned a level 1 spell: Sting
  4608 | D:4      | Noticed Natasha
  4613 | D:4      | Killed Natasha
  4702 | D:5      | Entered Level 5 of the Dungeon
  4776 | D:5      | Reached skill level 4 in Unarmed Combat
  4836 | D:5      | Reached skill level 6 in Transmutations
  4836 | D:5      | Reached skill level 5 in Ice Magic
  5102 | D:5      | Reached skill level 5 in Unarmed Combat
  5349 | D:6      | Found a staircase to the Ecumenical Temple.
  5354 | Temple   | Entered the Ecumenical Temple
  5455 | Temple   | Became a worshipper of Ru the Awakened
  5577 | D:6      | Noticed a troll
  5815 | D:6      | Reached skill level 7 in Transmutations
  5815 | D:6      | Reached XP level 9. HP: 53/53 MP: 12/12
  5832 | D:6      | Reached skill level 6 in Ice Magic
  5865 | D:6      | Noticed Dowan
  5885 | D:6      | Killed Dowan
  5914 | D:6      | Noticed Duvessa
  5924 | D:6      | Killed Duvessa
  6178 | D:6      | Reached skill level 6 in Unarmed Combat
  6207 | D:6      | Killed a troll
  6208 | D:6      | Reached skill level 2 in Fighting
  6947 | D:7      | Reached skill level 7 in Ice Magic
  6969 | D:7      | Reached skill level 8 in Transmutations
  7072 | D:7      | HP: 3/55 [orc priest/divine providence (12)]
  7079 | D:7      | HP: 5/55 [orc priest/divine providence (10)]
  7823 | D:7      | Reached skill level 3 in Fighting
  7830 | D:7      | Got Zozomog's Guide on Changing
  8376 | D:8      | Reached XP level 10. HP: 61/63 MP: 13/13
  8705 | D:8      | Noticed Flogoulo's ghost (novice TrCK)
  8706 | D:8      | Found a runed translucent gate.
  8706 | D:8      | Found a runed translucent gate.
  8706 | D:8      | Found a runed translucent gate.
  8709 | D:8      | Noticed a centaur warrior
  8837 | D:8      | Reached skill level 8 in Ice Magic
  8844 | D:8      | Reached skill level 7 in Unarmed Combat
  8844 | D:8      | Reached skill level 9 in Transmutations
  9175 | D:8      | Reached skill level 4 in Fighting
  9280 | D:8      | Found a blossoming altar of Fedhas.
  9280 | D:8      | Found an ancient bone altar of Kikubaaqudgha.
  9729 | D:9      | Noticed a two-headed ogre
  9751 | D:9      | Killed a two-headed ogre
  9752 | D:9      | Reached skill level 3 in Spellcasting
 10006 | D:9      | Reached skill level 5 in Fighting
 10020 | D:9      | Reached XP level 11. HP: 72/72 MP: 16/16
 10180 | D:9      | Reached skill level 8 in Unarmed Combat
 10243 | D:9      | Reached skill level 4 in Spellcasting
 10517 | D:9      | Noticed a cyclops
 10528 | D:9      | Killed a cyclops
 10553 | D:9      | Found a runed translucent door.
 10553 | D:9      | Found a runed translucent door.
 10553 | D:9      | Noticed a boulder beetle
 10553 | D:9      | Noticed a tengu warrior
 10835 | D:10     | Entered Level 10 of the Dungeon
 10931 | D:10     | Noticed a cyclops
 10939 | D:10     | Killed a cyclops
 11018 | D:10     | Found a transporter.
 11023 | D:10     | Noticed graki42's ghost (journeyman OpFE)
 11024 | D:10     | Found a transporter.
 11029 | D:10     | Noticed a two-headed ogre
 11067 | D:10     | Noticed Erolcha
 11076 | D:10     | Killed Erolcha
 11077 | D:10     | Reached skill level 6 in Fighting
 11077 | D:10     | Reached skill level 10 in Transmutations
 11149 | D:10     | Found a runed translucent door.
 11154 | D:10     | Noticed a deep elf pyromancer
 11170 | D:10     | Noticed a cyclops
 11179 | D:10     | Killed a cyclops
 11237 | D:10     | Gained mutation: You are hated by all. [Ru sacrifice]
 11237 | D:10     | Reached * piety under Ru
 11339 | D:10     | Reached skill level 5 in Spellcasting
 11621 | D:9      | Killed a tengu warrior
 11626 | D:9      | Killed a boulder beetle
 11627 | D:9      | Reached skill level 9 in Unarmed Combat
 11648 | D:9      | Noticed a centaur warrior
 11649 | D:9      | Noticed a manticore
 11649 | D:9      | Noticed a seven-headed hydra
 11652 | D:9      | Noticed a boulder beetle
 11653 | D:9      | Killed a centaur warrior
 11653 | D:9      | Noticed a cyclops
 11654 | D:9      | Reached skill level 7 in Fighting
 11655 | D:9      | Killed a seven-headed hydra
 11658 | D:9      | Noticed a white ugly thing
 11911 | D:9      | Killed a boulder beetle
 11912 | D:9      | Reached XP level 12. HP: 77/82 MP: 19/19
 12072 | D:9      | Reached skill level 8 in Fighting
 12103 | D:9      | Identified the ring "Jyfosh" {rF+ Int+6 Stlth+}
 12258 | D:8      | Reached skill level 10 in Unarmed Combat
 12264 | D:8      | Killed a centaur warrior
 12278 | D:8      | Killed Flogoulo's ghost
 12470 | D:4      | Noticed Natasha
 12476 | D:4      | Killed Natasha
 12508 | D:4      | Killed yetifiasco's ghost
 12695 | D:10     | Reached skill level 11 in Transmutations
 12707 | D:10     | Reached skill level 9 in Fighting
 12847 | D:11     | Noticed a six-headed hydra
 12860 | D:11     | Killed a six-headed hydra
 12918 | D:11     | Reached skill level 11 in Unarmed Combat
 12924 | D:11     | Noticed a boulder beetle
 12946 | D:11     | Killed a boulder beetle
 13098 | D:11     | Found a staircase to the Lair.
 13283 | Lair:1   | Entered Level 1 of the Lair of Beasts
 13306 | Lair:1   | Reached skill level 10 in Fighting
 13355 | Lair:1   | Reached XP level 13. HP: 92/92 MP: 20/20
 13381 | Lair:1   | Gained mutation: You are dopey. (Int -2) [Ru sacrifice]
 13381 | Lair:1   | Reached ** piety under Ru
 13710 | Lair:1   | Learned a level 3 spell: Mephitic Cloud
 14131 | Lair:2   | Reached skill level 1 in Air Magic
 14136 | Lair:2   | Reached skill level 1 in Conjurations
 14152 | Lair:2   | Reached skill level 2 in Conjurations
 14152 | Lair:2   | Reached skill level 2 in Air Magic
 14361 | Lair:2   | Reached skill level 12 in Unarmed Combat
 14406 | Lair:2   | Found a staircase to the Snake Pit.
 14518 | Lair:2   | Reached skill level 3 in Air Magic
 14519 | Lair:2   | Reached skill level 3 in Conjurations
 14548 | Lair:2   | Gained mutation: You occasionally shout uncontrollably at
                  | your foes. [Ru sacrifice]
 14954 | Lair:2   | Reached skill level 4 in Conjurations
 14954 | Lair:2   | Reached skill level 4 in Air Magic
 15564 | Lair:3   | Gained mutation: You are somewhat unskilled. (-1 Apt) [Ru
                  | sacrifice]
 15564 | Lair:3   | Reduced skill Fighting to level 9
 15564 | Lair:3   | Reduced skill Dodging to level 1
 15564 | Lair:3   | Reduced skill Unarmed Combat to level 11
 15564 | Lair:3   | Reduced skill Transmutations to level 10
 15564 | Lair:3   | Reduced skill Ice Magic to level 7
 15564 | Lair:3   | Reduced skill Poison Magic to level 4
 15564 | Lair:3   | Reached *** piety under Ru
 15564 | Lair:3   | Reached **** piety under Ru
 15984 | Lair:3   | Found a staircase to the Swamp.
 16257 | Lair:4   | Found a runed translucent gate.
 16258 | Lair:4   | Found a runed translucent gate.
 16258 | Lair:4   | Found a runed translucent gate.
 16263 | Lair:4   | Noticed Jish's ghost (journeyman DsAK)
 16263 | Lair:4   | Noticed Zgarb's ghost (journeyman DsDe)
 16315 | Lair:4   | Reached XP level 14. HP: 98/98 MP: 22/22
 16743 | Lair:4   | Reached skill level 5 in Conjurations
 16859 | Lair:4   | Reached skill level 11 in Transmutations
 16859 | Lair:4   | Reached skill level 5 in Air Magic
 16863 | Lair:4   | Reached skill level 10 in Fighting
 17357 | Lair:4   | Killed Jish's ghost
 17362 | Lair:4   | Killed Zgarb's ghost
 17622 | Lair:5   | Reached skill level 6 in Spellcasting
 17733 | Lair:5   | Found a frozen archway.
 17764 | IceCv    | Entered an ice cave
 18040 | IceCv    | Identified the amulet of Esoeceh {RegenMP *Slow rF+ Int+3
                  | Stlth+}
 18156 | IceCv    | Reached skill level 12 in Unarmed Combat
 18490 | IceCv    | Identified a +2 robe of resistance
 18741 | Lair:5   | Found a staircase to the Slime Pits.
 18871 | Lair:5   | Reached skill level 7 in Spellcasting
 18879 | Lair:5   | Reached skill level 1 in Shields
 19473 | Lair:6   | Entered Level 6 of the Lair of Beasts
 19497 | Lair:6   | Reached XP level 15. HP: 105/105 MP: 25/25
 19625 | Lair:6   | Reached skill level 11 in Fighting
 19638 | Lair:6   | Found a runed translucent door.
 19659 | Lair:6   | Reached skill level 2 in Shields
 19944 | Lair:6   | Paralysed by a hornet for 2 turns
 19960 | Lair:6   | Reached skill level 12 in Transmutations
 20394 | Lair:6   | Reached skill level 3 in Shields
 20994 | Lair:6   | HP: 10/102 [poisoned by a swamp dragon (poison gas)]
 21306 | Lair:6   | Got the Compendium of Feathers
 21341 | Lair:6   | Reached skill level 4 in Shields
 21839 | Lair:6   | Learned a level 5 spell: Blade Hands
 22157 | Lair:6   | Identified a scroll of acquirement
 22442 | Lair:6   | Upgraded the game from 0.28-a0-312-gbced6e68ee to
                  | 0.28-a0-313-gbc0475efdd
 22722 | D:12     | Noticed Maurice
 22730 | D:12     | Killed Maurice
 23041 | D:12     | Noticed Nergalle
 23056 | D:12     | Killed Nergalle
 23061 | D:12     | Noticed Kirke
 23069 | D:12     | Killed Kirke
 23070 | D:12     | Reached skill level 5 in Shields
 23070 | D:12     | Reached skill level 13 in Unarmed Combat
 23209 | D:12     | Found a portal to a secret trove of treasure.
 23342 | D:12     | Found a staircase to the Orcish Mines.
 23544 | D:13     | HP: 12/129 [death knight (15)]
 24009 | D:13     | Reached XP level 16. HP: 92/114 MP: 17/26
 24062 | D:13     | Reached skill level 12 in Fighting
 24152 | D:13     | Reached skill level 2 in Dodging
 24154 | D:13     | Found a gate to the Vaults.
 24420 | D:13     | Noticed Josephine
 24429 | D:13     | Killed Josephine
 24467 | D:13     | Learned a level 7 spell: Dragon Form
 25283 | D:14     | Reached skill level 13 in Transmutations
 25627 | D:14     | Found a glowing golden altar of the Shining One.
 26146 | D:14     | Reached skill level 6 in Shields
 26177 | D:14     | Found Yhular Xyu's Antique Weapon Shoppe.
 26224 | D:14     | Found a bloodstained altar of Trog.
 26224 | D:14     | Found the necklace of Bloodlust {*Rage +Rage Will++ Int-3
                  | Slay+6}
 26411 | D:14     | Found a transporter.
 26418 | D:14     | Found a transporter.
 26430 | D:14     | Found a runed translucent door.
 26482 | D:14     | Reached skill level 3 in Dodging
 26493 | D:14     | HP: 8/108 [deep troll earth mage/blast of metal fragments
                  | (25)]
 26495 | D:14     | Annihilated by a cyclops

Vanquished Creatures
  Kirke (D:12)
  2 fire dragons (Lair:6)
  The ghost of Zgarb the Slicer, a journeyman DsDe of Cheibriados (Lair:4)
  The ghost of Jish the Black Belt, a journeyman DsAK of Lugonu (Lair:4)
  Josephine (D:13)
  5 vault guards (D:13)
  The ghost of Flogoulo the Fighter, a novice TrCK of Xom (D:8)
  Erolcha (D:10)
  7 hydras
  4 two-headed ogres
  4 boulder beetles
  2 ironbound frosthearts (IceCv)
  2 centaur warriors
  A tengu warrior (D:9)
  A deep troll earth mage (D:14)
  6 death yaks (IceCv)
  Nergalle (D:12)
  A swamp dragon (Lair:6)
  A deep troll (D:14)
  3 deep elf pyromancers
  A wizard (D:13)
  4 lindwurms (Lair:6)
  A necromancer (D:14)
  3 ugly things
  An oklob plant (D:11)
  3 manticores
  10 slime creatures
  2 moths of wrath (D:14)
  An ice statue (IceCv)
  Maurice (D:12)
  7 cyclopes
  11 elephants
  5 black mambas
  3 centaur zombies
  2 gargoyles
  A guardian serpent (Lair:2)
  A cane toad (shapeshifter) (D:14)
  14 cane toads
  2 rime drakes
  6 torpor snails
  A yaktaur (shapeshifter) (D:13)
  An unseen horror (D:13)
  13 komodo dragons
  The ghost of yetifiasco the Chopper, a novice GrBe of Trog (D:4)
  A freezing wraith (D:14)
  2 tengu conjurers
  A kobold demonologist (D:12)
  2 ice devils (Lair:5)
  A silent spectre (D:14)
  7 trolls
  3 tyrant leeches (Lair:6)
  2 hornets (shapeshifter) (D:13)
  2 meliai (D:14)
  8 hornets
  12 polar bears
  35 blink frogs
  14 dream sheep
  Sigmund (D:2)
  2 shadows
  2 wyverns
  7 wraiths
  79 yaks
  A vampire (D:11)
  2 humans (D:12)
  5 hogs (D:12)
  3 steam dragons
  11 vampire mosquitoes
  7 basilisks
  3 acid dragons
  14 water moccasins
  Duvessa (D:6)
  2 swamp drakes (Lair:6)
  An ice beast (D:6)
  12 orc warriors
  3 necrophages
  3 sky beasts
  3 black bears
  6 ogres
  A boggart (D:14)
  28 wolves
  6 centaurs
  4 phantoms
  5 kobold brigands
  Blork the orc (D:4)
  A gnoll sergeant (D:9)
  14 bullfrogs
  2 scorpions
  A wyvern skeleton (D:7)
  Dowan (D:6)
  21 killer bees
  A wight (D:9)
  An electric eel (Lair:3)
  6 howler monkeys
  A bullfrog zombie (D:7)
  4 hounds
  2 centaur skeletons
  7 orc priests
  A gnoll shaman (D:7)
  A hell rat (Lair:2)
  4 iguanas
  Natasha (thrice) (D:4)
  4 orc wizards
  A killer bee zombie (D:5)
  A howler monkey zombie (D:9)
  Robin (D:2)
  8 gnolls
  A howler monkey skeleton (D:6)
  14 adders
  3 white imps
  An ufetubus (D:6)
  7 worms
  A dart slug (D:5)
  45 orcs
  11 ball pythons
  4 bats
  9 endoplasms
  3 giant cockroaches
  13 goblins
  8 hobgoblins
  4 jackals (D:2)
  13 kobolds
  4 quokkas
  2 frilled lizards
  7 rats
680 creatures vanquished.

Vanquished Creatures (collateral kills)
  An iguana (D:4)
1 creature vanquished.

Vanquished Creatures (others)
  A hydra (Lair:5)
  A death knight (D:13)
  A two-headed ogre (D:14)
  A cane toad (Lair:1)
  A polar bear (Lair:5)
  A meliai (D:14)
  A steam dragon (Lair:6)
  A bush (Lair:6)
  29 fungi
  75 plants
  6 withered plants (Lair:4)
118 creatures vanquished.

Grand Total: 799 creatures vanquished

Table legend: (Time is in decaauts)
 A = Elapsed time spent in this place.
 B = Non-inter-level travel time spent in this place.
 C = Inter-level travel time spent in this place.
 D = Time resting spent in this place.
 E = Time spent auto-exploring this place.
 F = Levels seen in this place.
 G = Mean time per level.
                   A        B        C        D        E       F      G
               +--------+--------+--------+--------+--------+-----+--------+
         Total |  26209 |  25214 |    995 |      0 |  20406 |  22 | 1191.3 |
       Dungeon |  16981 |  16222 |    759 |      0 |  13197 |  14 | 1212.9 |
        Temple |    117 |    102 |     15 |      0 |     71 |   1 |  117.0 |
          Lair |   8232 |   8011 |    221 |      0 |   6546 |   6 | 1372.0 |
      Ice Cave |    878 |    878 |      0 |      0 |    592 |   1 |  878.0 |
               +--------+--------+--------+--------+--------+-----+--------+

Top non-repeatable levels by time:
  Lair:6: 2901 daAuts
     D:9: 2155 daAuts
     D:6: 1774 daAuts
    D:13: 1753 daAuts
     D:2: 1540 daAuts
  Lair:4: 1372 daAuts
     D:7: 1280 daAuts
     D:1: 1248 daAuts
  Lair:2: 1231 daAuts
     D:8: 1205 daAuts
    D:14: 1194 daAuts
     D:4: 1156 daAuts
  Lair:5: 986 daAuts
    D:12: 916 daAuts
  Lair:3: 895 daAuts

Table legend:
 A = Non-vault XP
 B = Vault XP
 C = Vault XP percentage of total XP
 D = Non-vault monster count
 E = Vault monster count
 F = Vault count percentage of total count
                 A         B        C        D         E       F
            +---------+---------+-------+---------+---------+-------
      Total |   77377 |   73637 |  48.8 |     429 |     256 |  37.4
            +---------+---------+-------+---------+---------+-------
        D:1 |      26 |       6 |  18.8 |      16 |       4 |  20.0
        D:2 |      68 |     263 |  79.5 |      22 |      13 |  37.1
        D:3 |     355 |      25 |   6.6 |      28 |       6 |  17.6
        D:4 |     443 |     481 |  52.1 |      25 |       3 |  10.7
        D:5 |     592 |       0 |   0.0 |      20 |       0 |   0.0
        D:6 |     841 |    1009 |  54.5 |      14 |       8 |  36.4
        D:7 |     706 |      95 |  11.9 |      10 |       3 |  23.1
        D:8 |    1546 |    2865 |  65.0 |      15 |      16 |  51.6
        D:9 |    3065 |    7301 |  70.4 |      27 |      17 |  38.6
       D:10 |    2237 |    3191 |  58.8 |      17 |      10 |  37.0
       D:11 |    4709 |     527 |  10.1 |      19 |       1 |   5.0
       D:12 |    5031 |    5546 |  52.4 |      16 |      28 |  63.6
       D:13 |    5457 |    8745 |  61.6 |      12 |      16 |  57.1
       D:14 |    5972 |    5480 |  47.9 |      20 |      12 |  37.5
     Lair:1 |    6530 |       0 |   0.0 |      29 |       0 |   0.0
     Lair:2 |    6960 |    4651 |  40.1 |      24 |      16 |  40.0
     Lair:3 |    3394 |    1075 |  24.1 |      16 |       6 |  27.3
     Lair:4 |    7457 |    3262 |  30.4 |      23 |       7 |  23.3
     Lair:5 |    4603 |    1800 |  28.1 |      18 |       6 |  25.0
     Lair:6 |   17385 |   11534 |  39.9 |      58 |      30 |  34.1
      IceCv |       0 |   15781 | 100.0 |       0 |      54 | 100.0
            +---------+---------+-------+---------+---------+-------
